 Dungeon Crawl Stone Soup version 0.22.1-2-g9c5b331383 (webtiles) character file.

0 Gargoyl the Skirmisher (level 1, -5/19 HPs)
             Began as a Centaur Abyssal Knight on Dec 9, 2018.
             Was a Follower of Lugonu.
             Slain by a demonic crawler (8 damage)
             ... on level 2 of the Abyss.
             The game lasted 00:00:55 (204 turns).

Gargoyl the Skirmisher (Centaur Abyssal Knight)      Turns: 204, Time: 00:00:57

Health: -5/19      AC:  5    Str: 14    XL:     1   Next: 0%
Magic:  2/2        EV:  8    Int: 11    God:    Lugonu [*.....]
Gold:   54         SH:  0    Dex:  8    Spells: 0/0 levels left

rFire    . . .     SeeInvis .   a - +1 hand axe
rCold    . . .     Gourm    .   (no shield)
rNeg     . . .     Faith    .   d - +0 ring mail
rPois    .         Spirit   .   (no helmet)
rElec    .         Reflect  .   (no cloak)
rCorr    .         Harm     .   (no gloves)
MR       .....                  (no barding)
Stlth    ..........             (no amulet)
HPRegen  0.06/turn              (no ring)
MPRegen  0.08/turn              (no ring)

@: about to teleport, very quick
A: large, hooves 3, deformed body, speed 2, tough skin 3
a: Depart the Abyss, Renounce Religion


You were on level 2 of the Abyss.
You worshipped Lugonu.
Lugonu was aware of your devotion.
You were not hungry.

You visited 0 branches of the dungeon, and saw 0 of its levels.
You visited the Abyss 1 time.

You collected 54 gold pieces.

Inventory:

Hand Weapons
 a - a +1 hand axe (weapon)
Armour
 b - a +0 leather armour
 d - a +0 ring mail (worn)
Potions
 e - a potion of lignification {unknown}
Comestibles
 c - 2 rations


   Skills:
 + Level 3.0 Fighting
 + Level 1.7 Axes
 + Level 1.3 Armour
 + Level 0.6 Dodging
 + Level 2.0 Invocations


You couldn't memorise any spells.
You didn't know any spells.
Your spell library was empty.

Dungeon Overview and Level Annotations

Branches:
Dungeon (0/15)

Altars:


Innate Abilities, Weirdness & Mutations

You have hooves in place of feet.
Armour fits poorly on your strangely shaped body.
You cover ground very quickly.
You have extremely tough skin. (AC +3)


Message History

You feel a little less clever now.
Your rust devil shimmers and vanishes!
A large abomination comes into view.
A tentacle flies out from the starspawn's body!
A starspawn tentacle comes into view.
A small abomination comes into view.
You see here a scroll labeled KEKHONWEELE.
f - a scroll labeled KEKHONWEELE The starspawn tentacle grabs you.
The starspawn tentacle constricts you.
The demonic crawler hits you. x2; The demonic crawler barely misses you.
You escape the starspawn tentacle's grasp.
The demonic crawler is no longer covered in acid.
Found a marble ring.
As you read the scroll labeled KEKHONWEELE, it crumbles to dust.
You feel strangely unstable.
You feel the power of the Abyss delaying your translocation!
It was a scroll of teleportation.
The demonic crawler hits you. x2
* * * LOW HITPOINT WARNING * * *
The demonic crawler hits you!
You die...

..
..........x.....
..
.......X........
..##..##..##x.##.
..##..##4X##..##
...............
................
.##..##..##..##
.##..##s.##..##
.......@...=...
...............
.##..##..##..##
#.... #... ....
...# #..## #.#
.#. ..## .. . ##.
.


You could see a tentacled starspawn, a demonic crawler, a large abomination, an
ice devil and a small abomination.

Vanquished Creatures (others)
  5 starspawn tentacles (Abyss:2)
5 creatures vanquished.

Notes
Turn   | Place    | Note
-------+----------+-------------------------------------------
     0 | Abyss:1  | Gargoyl the Centaur Abyssal Knight began the quest for the
                  | Orb.
     0 | Abyss:1  | Reached XP level 1. HP: 19/19 MP: 2/2
   125 | Abyss:2  | Found a corrupted altar of Lugonu.
   134 | Abyss:2  | Noticed a quasit
   141 | Abyss:2  | Noticed a demonic crawler
   144 | Abyss:2  | Found a stormy altar of Qazlal.
   155 | Abyss:2  | Noticed an eye of draining
   162 | Abyss:2  | Noticed a tentacled starspawn
   177 | Abyss:2  | Noticed a rust devil
   179 | Abyss:2  | Noticed a wretched star
   180 | Abyss:2  | Noticed an ice devil
   181 | Abyss:2  | Noticed a bone dragon
   192 | Abyss:2  | Noticed a large abomination
   194 | Abyss:2  | Noticed a small abomination
   204 | Abyss:2  | Slain by a demonic crawler

Action                   || total
-------------------------++-------
Evoke: Phantom mirror    ||     1
  Use: Scroll            ||     2
       Potion            ||     1
Armor: Ring mail         ||     1
Dodge: Dodged            ||     1
